 Dungeon Sprint DCSS version 0.17.2-1-ge4368a0 (webtiles) character file.

1935 mopl the Unseen (level 8, -2/63 HPs)
             Began as a Spriggan Assassin on Aug 21, 2016.
             Was a Priest of Trog.
             Slain by a centaur warrior (4 damage)
             ... in the Dungeon (Sprint III: "The Ten Rune Challenge").
             The game lasted 00:02:30 (839 turns).

mopl the Unseen (Spriggan Assassin)                  Turns: 839, Time: 00:02:31

Health: -2/63      AC:  3    Str: 12    XL:     8   Next: 97%
Magic:  9/9        EV: 17    Int: 12    God:    Trog [***...]
Gold:   53         SH:  0    Dex: 20    Spells: 0 memorised, 7 levels left

rFire  . . .     SeeInvis +     a - +2 dagger
rCold  . . .     Clarity  .     c - +0 robe
rNeg   . . .     SustAt   .     (shield restricted)
rPois  .         Gourm    .     (helmet restricted)
rElec  .         Spirit   .     d - +0 cloak
rCorr  .         Warding  .     (gloves unavailable)
rMut   .         NoTele   +     (boots unavailable)
MR     +....                    (no amulet)
Stlth  ..........               (no ring)
                                (no ring)

@: berserking, very quick, somewhat resistant to hostile enchantments, extremely
unstealthy
A: unfitting armour, see invisible, herbivore 3, speed 3, slow metabolism 2
a: Berserk, Trog's Hand, Burn Spellbooks, Renounce Religion


You were in the Dungeon.
You worshipped Trog.
Trog was most pleased with you.
You were not hungry.

You visited 1 branch You collected 53 gold pieces.

Inventory:

Hand Weapons
 a - a +2 dagger (weapon)
 b - a +0 blowgun
 w - a +2 long sword of holy wrath
Missiles
 e - 8 poisoned needles
 f - 2 curare-tipped needles
Armour
 c - a +0 robe (worn)
 d - a +0 cloak (worn)
Scrolls
 m - a scroll of blinking
 o - a scroll of holy word {unknown}
 p - a scroll of identify
 q - a scroll of amnesia {unknown}
 t - a scroll of torment {unknown}
 u - 2 scrolls of remove curse
Potions
 h - 2 potions of curing
 i - a potion of heal wounds
 j - a potion of haste
 k - 3 potions of magic
 l - a potion of berserk rage {!q}
 n - a potion of might
 r - 3 potions of cure mutation {!q}
 s - a potion of flight
Miscellaneous
 x - a plain deck of defence
Comestibles
 g - 2 bread rations
 v - 2 royal jellies


   Skills:
 + Level 4.5 Fighting
 + Level 6.0 Short Blades
 * Level 14.8 Throwing
 - Level 1.5 Dodging
 + Level 16.5 Stealth


You had 7 spell levels left.
You didn't know any spells.

Dungeon Overview and Level Annotations

Branches:
Dungeon (1/1)

Altars:
Cheibriados
Dithmenos
Elyvilon
Fedhas
Gozag
Kikubaaqudgha
Makhleb
Nemelex Xobeh
Okawaru
Qazlal
Ru
Sif Muna
Trog
Vehumet
Xom
Yredelemnul
Zin
The Shining One
Jiyva
Lugonu


Innate Abilities, Weirdness & Mutations

You are tiny and cannot use many weapons and most armour.
You have supernaturally acute eyesight.
You are a herbivore.
You cover ground extremely quickly.
You need consume almost no food.


Message History

You puncture the centaur!
The centaur is heavily wounded.
The centaur warrior barely misses you. The centaur hits you.
* * * LOW HITPOINT WARNING * * *
You puncture the centaur!
The centaur is almost dead.
The centaur warrior closely misses you.
You barely miss the centaur.
The centaur is almost dead.
The centaur hits you but does no damage.
The centaur warrior hits you.
* * * LOW HITPOINT WARNING * * *
You puncture the centaur!
You kill the centaur!
Trog accepts your kill.
Your Short Blades skill increases to level 6!
You hit the centaur warrior.
The centaur warrior is moderately wounded.
The centaur warrior hits you.
You die...

#÷†)#†_#$ #'###'##.
.......#. .......#$
######'#.
#__#...#+#############
#v_#...#.§§≈≈'.#c'...+
#__#...#.#≈≈≈#.#c#...#
#__#...'.#§§§#.#@#cc.#
#_.+...#.#§§§#..)#c..#
▓▓▓▓▓▓▓▓▓▓▓▓▓▓▓▓▓▓▓▓▓#


You could see a centaur warrior and a centaur.

Vanquished Creatures
  Snorg (D)
  A deep elf priest (D)
  A shadow (D)
  A centaur (D)
  A necrophage (D)
  An earth elemental (D)
  A water elemental (D)
  A jelly (D)
  Jessica (D)
  A necromancer (D)
  A wolf (D)
  3 humans (D)
  A wizard (D)
  A kobold demonologist (D)
  2 oozes (D)
  A rat (D)
19 creatures vanquished.

Vanquished Creatures (others)
  2 draconian scorchers (D)
  A yaktaur (D)
3 creatures vanquished.

Grand Total: 22 creatures vanquished

Notes
Turn   | Place    | Note
--------------------------------------------------------------
     0 | D        | mopl the Spriggan Assassin began the quest for the Orb.
     0 | D        | Reached XP level 1. HP: 10/10 MP: 2/2
    13 | D        | Reached skill level 3 in Throwing
    13 | D        | Reached skill level 6 in Stealth
    55 | D        | Reached skill level 4 in Throwing
    55 | D        | Reached XP level 2. HP: 12/14 MP: 3/3
    91 | D        | Noticed Jessica
    95 | D        | Killed Jessica
    95 | D        | Reached skill level 5 in Throwing
    95 | D        | Reached skill level 8 in Stealth
    95 | D        | Reached XP level 3. HP: 16/18 MP: 4/4
   100 | D        | Noticed a wolf
   103 | D        | Killed a wolf
   103 | D        | Reached skill level 6 in Throwing
   107 | D        | Reached skill level 7 in Throwing
   107 | D        | Reached skill level 9 in Stealth
   107 | D        | Reached XP level 4. HP: 20/22 MP: 5/5
   141 | D        | Noticed a water elemental
   143 | D        | Killed a water elemental
   143 | D        | Reached skill level 8 in Throwing
   143 | D        | Reached skill level 10 in Stealth
   143 | D        | Reached XP level 5. HP: 25/25 MP: 6/6
   147 | D        | Found an iron altar of Okawaru.
   147 | D        | Found a bloodstained altar of Trog.
   147 | D        | Noticed a human
   147 | D        | Noticed a human
   158 | D        | Killed a human
   158 | D        | Reached skill level 10 in Throwing
   158 | D        | Reached skill level 12 in Stealth
   158 | D        | Reached XP level 6. HP: 23/30 MP: 7/7
   167 | D        | Killed a human
   167 | D        | Reached skill level 11 in Throwing
   167 | D        | Reached skill level 13 in Stealth
   173 | D        | Became a worshipper of Trog the Wrathful
   201 | D        | Killed a white draconian scorcher
   219 | D        | Killed a white draconian scorcher
   228 | D        | Killed a yaktaur
   331 | D        | Found a glowing silver altar of Zin.
   332 | D        | Found a glowing golden altar of the Shining One.
   332 | D        | Found a white marble altar of Elyvilon.
   332 | D        | Noticed a deep elf priest
   334 | D        | Killed a deep elf priest
   334 | D        | Reached skill level 12 in Throwing
   334 | D        | Reached skill level 14 in Stealth
   334 | D        | Reached XP level 7. HP: 33/33 MP: 8/8
   347 | D        | Found a snail-covered altar of Cheibriados.
   347 | D        | Noticed a necrophage
   348 | D        | Found a basalt altar of Yredelemnul.
   348 | D        | Found a blossoming altar of Fedhas.
   348 | D        | Noticed a necromancer
   349 | D        | Killed a necrophage
   349 | D        | Reached skill level 13 in Throwing
   350 | D        | Killed a necromancer
   350 | D        | Reached * piety under Trog
   350 | D        | Reached skill level 15 in Stealth
   363 | D        | Found a radiant altar of Vehumet.
   364 | D        | Found a deep blue altar of Sif Muna.
   364 | D        | Found an ancient bone altar of Kikubaaqudgha.
   364 | D        | Noticed a wizard
   365 | D        | Killed a wizard
   367 | D        | Reached ** piety under Trog
   369 | D        | Reached *** piety under Trog
   389 | D        | Noticed a jelly
   390 | D        | Noticed a shadow
   392 | D        | Killed a shadow
   392 | D        | Reached skill level 2 in Fighting
   392 | D        | Reached skill level 3 in Short Blades
   396 | D        | Killed a jelly
   401 | D        | Found a stormy altar of Qazlal.
   402 | D        | Found a sacrificial altar of Ru.
   402 | D        | Found a burning altar of Makhleb.
   402 | D        | Found a viscous altar of Jiyva.
   402 | D        | Found a shimmering altar of Xom.
   402 | D        | Found a shadowy altar of Dithmenos.
   402 | D        | Found a sparkling altar of Nemelex Xobeh.
   402 | D        | Found a corrupted altar of Lugonu.
   402 | D        | Found an opulent altar of Gozag.
   402 | D        | Noticed a spatial vortex
   759 | D        | Noticed Snorg
   762 | D        | Killed Snorg
   762 | D        | Reached skill level 4 in Fighting
   762 | D        | Reached skill level 5 in Short Blades
   762 | D        | Reached skill level 14 in Throwing
   762 | D        | Reached skill level 16 in Stealth
   762 | D        | Reached XP level 8. HP: 35/42 MP: 9/9
   810 | D        | Noticed an earth elemental
   813 | D        | Killed an earth elemental
   818 | D        | Noticed a centaur
   818 | D        | Noticed a centaur warrior
   818 | D        | Noticed a centaur
   835 | D        | HP: 3/63 [centaur (2)]
   838 | D        | Killed a centaur
   838 | D        | Reached skill level 6 in Short Blades
   839 | D        | Slain by a centaur warrior

Action                   |  1- 3 |  4- 6 |  7- 9 || total
-------------------------+-------+-------+-------++-------
Melee: Dagger            |    11 |    18 |    23 ||    52
Invok: Berserk           |       |       |     2 ||     2
       Burn Spellbooks   |       |       |     1 ||     1
  Use: Scroll            |       |     2 |       ||     2
       Potion            |       |     1 |       ||     1
 Stab: Sleeping          |     5 |     2 |     8 ||    15
